 Dungeon Crawl Stone Soup version 0.26-a0-632-g926a82b (webtiles) character file.

Game seed: 5684281873609355257

4599 Kurtz the Basher (level 10, -1/74 HPs)
             Began as a Mummy Chaos Knight on Sept 14, 2020.
             Was a Plaything of Xom.
             Killed by the air
             ... invoked by a wind drake (shapeshifter)
              (12 damage)
             ... on level 9 of the Dungeon.
             The game lasted 00:11:41 (9691 turns).

Kurtz the Basher (Mummy Chaos Knight)               Turns: 9691, Time: 00:11:42

Health: -1/74      AC:  9    Str: 16    XL:     10   Next: 19%
Magic:  0/10       EV:  8    Int: 12    God:    Xom [.....*]
Gold:   659        SH:  0    Dex: 14    Spells: 9/9 levels left

rFire    x . .     SeeInvis .   g - +0 whip (elec)
rCold    + . .     Faith    .   (no shield)
rNeg     + + +     Spirit   +   h - +0 chain mail
rPois    ∞         Reflect  .   m - +0 helmet
rElec    .         Harm     .   (no cloak)
rCorr    +         Rampage  .   (no gloves)
MR       +....                  (no boots)
Stlth    ..........             w - amulet of guardian spirit
HPRegen  0.22/turn              n - ring of resist corrosion
MPRegen  0.12/turn              (no ring)

@: no status effects
A: no potions, fire vulnerability, cold resistance 1, negative energy resistance
3, torment resistance, unbreathing
a: Renounce Religion


You were on level 9 of the Dungeon.
You worshipped Xom.
You were Xom's teddy bear.
You visited 1 branch of the dungeon, and saw 9 of its levels.
You visited the Abyss 1 time.

You collected 659 gold pieces.

Inventory:

Hand Weapons
 a - a +0 mace of chaos
 g - a +0 whip of electrocution (weapon)
 s - a +2 mace of protection
Missiles
 r - 2 boomerangs
 t - 25 poisoned darts (quivered)
 x - 2 boomerangs of dispersal
Armour
 b - a +2 leather armour
 h - a +0 chain mail (worn)
 m - a +0 helmet (worn)
Jewellery
 i - an uncursed amulet of regeneration
 l - an uncursed amulet of faith
 n - a ring of resist corrosion (left hand)
 o - an uncursed amulet of reflection
 w - an amulet of guardian spirit (around neck)
Wands
 y - a wand of iceblast (1)
Scrolls
 c - 3 scrolls of identify
 d - 5 scrolls of remove curse
 e - 3 scrolls of amnesia
 f - 2 scrolls of fog
 j - a scroll of magic mapping
 k - 11 scrolls of teleportation
 p - 4 scrolls of enchant armour
 q - a scroll of blinking
 u - a scroll of torment
 v - a scroll of immolation


   Skills:
 * Level 5.0 Fighting
 * Level 11.4 Maces & Flails
 - Level 1.5 Armour
 * Level 4.1 Dodging


You had 9 spell levels left.
You didn't know any spells.
Your spell library contained the following spells:

 Spells                   Type           Power        Failure   Level
 Corona                   Hex            #......      99%         1
 Magic Dart               Conj           #...         99%         1
 Blink                    Tloc           N/A          100%        2
 Call Imp                 Summ           #.......     100%        2
 Ensorcelled Hibernation  Hex/Ice        #.....       100%        2
 Slow                     Hex            #.......     100%        2
 Confusing Touch          Hex            #.......     100%        3
 Conjure Flame            Conj/Fire      #.......     100%        3
 Dazzling Flash           Conj/Hex       #.....       100%        3
 Mephitic Cloud           Conj/Pois/Air  #.......     100%        3
 Tukima's Dance           Hex            #.......     100%        3


Dungeon Overview and Level Annotations

Branches:
Dungeon (9/15)             Temple (0/1) D:5            Lair (0/6) D:8
    Orc: D:9-12

Altars:
Ashenzari
Cheibriados
Dithmenos
Elyvilon
Gozag
Hepliaklqana
Makhleb
Qazlal
Ru
Xom
Zin
The Shining One

Annotations:
D:2 1 runed translucent door, Crazy Yiuf


Innate Abilities, Weirdness & Mutations

You do not drink.
Your flesh is vulnerable to fire.
You are immune to poison.
Your flesh is cold resistant. (rC+)
You are immune to negative energy. (rN+++)
You are immune to unholy pain and torment.
You can survive without breathing.


Message History

The wind drake is severely wounded.
The wind drake flaps its wings at you. The air twists around and strikes you!
* * * LOW HITPOINT WARNING * * *
Aiming: Iceblast
Press: ? - help, Shift-Dir - straight line, f/p - wind drake
Aim: a wind drake (severely wounded, repelling missiles)
The mass of ice explodes!
The iceblast engulfs the wind drake.
The wind drake is almost dead.
The orc barely misses you.
Unknown command.
Aiming: Iceblast
Press: ? - help, Shift-Dir - straight line, f/p - wind drake
Aim: a wind drake (almost dead, repelling missiles)
The mass of ice explodes!
The iceblast engulfs the wind drake.
The wind drake is almost dead.
The wind drake flaps its wings at you. The air twists around and strikes you!
You die... "I guess I need a new plaything now."

..#.# ##oo.............####....
#.#.## ##...!##.####...........
.....# #....[..# ##<#########
.....# ##...#### #.# # #.#..#
#...# ##.##### # ..#..#### #..(#
#......# ###
........####...#######...##.# #..
.........)...............##.###..
#.#............o@........##......
#.#.#....................##.###..
#...|.#.##.......#####......# #..
###.#.#.##.#...#.# ##..##.#####
###.#.#.##.#...#k# #.....##...
....#.#.##)#...#.# ##.#..##.##
....>...##.......# #.#..##.##
.#..#.####.......# #.#.......
...........#...#)# #.....#.##


You could see a wind drake (repels missiles) and an orc.

Vanquished Creatures
  A komodo dragon (D:8)
  Sigmund (D:2)
  A water moccasin (D:8)
  3 sky beasts
  An ice beast (D:7)
  3 black bears
  2 orc warriors
  5 ogres
  2 phantoms
  2 centaurs (D:5)
  A big kobold (D:8)
  9 bullfrogs
  A wyvern skeleton (D:6)
  4 scorpions
  5 wights (D:9)
  5 orc wizards
  2 centaur skeletons
  4 hounds
  2 jellies
  A bullfrog zombie (D:7)
  3 orc priests
  3 iguanas
  Jessica (D:3)
  6 worker ants
  2 hound skeletons
  Robin (D:3)
  3 gnolls (D:6)
  10 adders
  A shadow imp (D:7)
  2 white imps
  3 ufetubi
  4 dart slugs (D:1)
  4 worms
  5 leopard geckos
  27 orcs
  6 giant cockroaches
  20 goblins
  19 hobgoblins
  6 jackals
  11 kobolds
  4 quokkas
  3 bats (D:1)
  2 frilled lizards (D:1)
  5 rats
206 creatures vanquished.

Vanquished Creatures (collateral kills)
  A hippogriff (D:9)
  A wight (D:9)
  A kobold (D:8)
3 creatures vanquished.

Vanquished Creatures (others)
  7 plants (D:8)
7 creatures vanquished.

Grand Total: 216 creatures vanquished

Notes
Turn   | Place    | Note
-------+----------+-------------------------------------------
     0 | D:1      | Kurtz the Mummy Chaos Knight began the quest for the Orb.
     0 | D:1      | Reached XP level 1. HP: 18/18 MP: 1/1
   129 | D:1      | XOM: smoke on damage
   164 | D:1      | Reached XP level 2. HP: 5/24 MP: 2/2
   169 | D:1      | Reached skill level 3 in Maces & Flails
   170 | D:1      | HP: 1/24 [something (1)]
   292 | D:1      | XOM: silly message
   502 | D:1      | XOM: smoke on damage
   660 | D:1      | XOM: noise
   671 | D:1      | Reached XP level 3. HP: 29/29 MP: 3/3
  1252 | D:2      | Found a faded altar of an unknown god.
  1349 | D:2      | Reached skill level 4 in Maces & Flails
  1419 | D:2      | XOM: god gift: chain mail {god gift}
  1634 | D:2      | Reached XP level 4. HP: 32/35 MP: 4/4
  1813 | D:2      | Found a white marble altar of Elyvilon.
  1813 | D:2      | Noticed Sigmund
  1817 | D:2      | XOM: cast spell 'Cause Fear'
  2100 | D:2      | Found a runed translucent door.
  2101 | D:2      | Noticed Crazy Yiuf
  2350 | D:3      | Noticed Jessica
  2403 | D:3      | XOM: noise
  2423 | D:3      | Found an opulent altar of Gozag.
  2602 | D:3      | Noticed Robin
  2618 | D:3      | XOM: divination: detect creatures
  2628 | D:3      | Killed Robin
  2634 | D:3      | Killed Jessica
  2634 | D:3      | Reached XP level 5. HP: 41/41 MP: 5/5
  2652 | D:3      | XOM: enchant monster (good)
  2710 | D:3      | XOM: cloud trail
  2913 | D:4      | Found a shattered altar of Ashenzari.
  2956 | D:4      | Reached skill level 5 in Maces & Flails
  2956 | D:4      | Reached skill level 1 in Dodging
  2965 | D:4      | XOM: summons 2 friendly demons
  3060 | D:4      | XOM: blink monster(s)
  3070 | D:4      | XOM: enchant monster (good)
  3072 | D:4      | Reached XP level 6. HP: 47/47 MP: 6/6
  3138 | D:4      | XOM: 4-stop teleportation journey
  3253 | D:4      | XOM: silly message
  3329 | D:4      | Reached skill level 6 in Maces & Flails
  3380 | D:4      | XOM: enchant monster (bad)
  3461 | D:4      | XOM: noise
  3462 | D:4      | XOM: noise
  3483 | D:4      | XOM: silly message
  3648 | D:4      | Reached XP level 7. HP: 52/52 MP: 7/7
  3958 | D:5      | Entered Level 5 of the Dungeon
  3966 | D:5      | XOM: potion effect (brilliance)
  3978 | D:5      | XOM: silly message
  4082 | D:4      | Reached skill level 7 in Maces & Flails
  4149 | D:5      | XOM: potion effect (brilliance)
  4212 | D:5      | Found a staircase to the Ecumenical Temple.
  4277 | D:5      | XOM: potion effect (might)
  4365 | D:5      | XOM: cast spell 'Summon Ice Beast'
  4443 | D:5      | Reached XP level 8. HP: 57/58 MP: 8/8
  4444 | D:5      | Cast into level 2 of the Abyss (unwielding a weapon of
                  | distortion)
  4444 | Abyss:2  | Found a corrupted altar of Lugonu.
  4444 | D:5      | Escaped the Abyss
  4444 | D:5      | XOM: revert banishment
  4450 | D:5      | Found a shadowy altar of Dithmenos.
  4491 | D:5      | Found a burning altar of Makhleb.
  4513 | D:5      | Reached skill level 8 in Maces & Flails
  4607 | D:5      | XOM: potion effect (stabbing)
  4611 | D:5      | XOM: potion effect (invisibility)
  4950 | D:6      | XOM: silly message
  4984 | D:6      | Found a hazy altar of Hepliaklqana.
  5038 | D:6      | XOM: silly message
  5046 | D:6      | XOM: noise
  5117 | D:6      | Found a glowing golden altar of the Shining One.
  5177 | D:6      | Reached skill level 9 in Maces & Flails
  5502 | D:6      | Found a snail-covered altar of Cheibriados.
  5859 | D:2      | Killed Sigmund
  6173 | D:7      | XOM: divination: detect items
  6175 | D:6      | XOM: divination: magic mapping
  6316 | D:7      | Reached XP level 9. HP: 57/63 MP: 9/9
  6454 | D:7      | Found a glowing silver altar of Zin.
  6481 | D:7      | XOM: noise
  6541 | D:7      | Found a shimmering altar of Xom.
  6541 | D:7      | Found a shimmering altar of Xom.
  6541 | D:7      | Found a shimmering altar of Xom.
  6573 | D:7      | Found a shimmering altar of Xom.
  6658 | D:7      | Reached skill level 10 in Maces & Flails
  6706 | D:7      | Found a sacrificial altar of Ru.
  6712 | D:7      | XOM: silly message
  7103 | D:7      | XOM: scenery: summon butterflies
  7342 | D:8      | Noticed Prince Ribbit
  7344 | D:8      | XOM: cleaving
  7507 | D:9      | XOM: cast spell 'Monstrous Menagerie'
  7570 | D:9      | XOM: blink monster(s)
  7597 | D:9      | Reached skill level 11 in Maces & Flails
  8025 | D:9      | XOM: polymorph something unseen -> shapeshifter
  8026 | D:9      | Noticed a troll
  8026 | D:9      | a shapeshifter changed into a troll
  8048 | D:9      | a troll changed into a black bear
  8051 | D:9      | XOM: cast spell 'Summon Small Mammal'
  8125 | D:8      | XOM: summons friendly white imp
  8128 | D:8      | Noticed Prince Ribbit
  8128 | D:8      | Prince Ribbit changed into Prince Ribbit the black bear
  8128 | D:8      | XOM: polymorph Prince Ribbit -> Prince Ribbit the black
                  | bear
  8320 | D:8      | Killed Prince Ribbit the black bear
  8582 | D:8      | XOM: blink monster(s)
  8587 | D:8      | XOM: summons 5 friendly demons
  8601 | D:8      | Reached XP level 10. HP: 38/73 MP: 5/10
  8928 | D:8      | Found a staircase to the Lair.
  8949 | D:8      | XOM: blink monster(s)
  8950 | D:8      | XOM: cast spell 'Call Canine Familiar'
  8963 | D:8      | XOM: summons friendly ufetubus
  9430 | D:8      | XOM: noise
  9508 | D:9      | Reached skill level 5 in Fighting
  9554 | D:9      | Found a stormy altar of Qazlal.
  9673 | D:9      | XOM: summons friendly quasit
  9691 | D:9      | Killed from afar by a wind drake (shapeshifter)

Illustrated notes

Levels and vault maps discovered:
D:1:      roderic_chinese_lattice_arrival, layout_basic, st_stairs_1
D:2:      layout_basic, lemuel_crystal_altar, chequers_ecumenical_altar_simple,
          uniq_crazy_yiuf_cottage, uniq_sigmund
D:3:      lemuel_upstairs_altar, layout_basic, grunt_gozag_breadcrumbs,
          uniq_jessica, uniq_robin
D:4:      cheibrodos_greedy_goblins, layout_basic, cheibrodos_ashenzari_chains
D:5:      layout_gridville, grunt_dithmenos_smoke, makhleb_heckhound_becter,
          temple_fountains
D:6:      layout_basic, kennysheep_little_box, lemuel_round_altar,
          tso_metal_star
D:7:      layout_basic, lemuel_round_altar, xom_redecorated,
          overflow_temple_1_default
D:8:      layout_loops_ring, david_lair_shrubbed, uniq_prince_ribbit1
D:9:      layout_loops_cross, nicolae_overflow_crystal_walls

Skill      XL: |  1  2  3  4  5  6  7  8  9 10 |
---------------+-------------------------------+-----
Maces & Flails | 3 4 5 6 7 9 11 | 11.4
Dodging        | 1 2 3 4 |  4.1
Fighting       | 4 5 |  5.0
Armour         | |  1.5

Action                   |  1- 3 |  4- 6 |  7- 9 | 10-12 || total
-------------------------+-------+-------+-------+-------++-------
Melee: Mace              |    81 |       |    39 |       ||   120
       Whip              |    60 |   188 |   561 |    62 ||   871
Throw: Dart              |       |       |    13 |    12 ||    25
       Boomerang         |       |       |     3 |       ||     3
Evoke: Wand              |       |       |       |     7 ||     7
  Use: Scroll            |       |       |    11 |       ||    11
 Stab: Paralysed         |       |     2 |       |       ||     2
       Sleeping          |       |     1 |     5 |       ||     6
       Invisible         |       |       |     1 |       ||     1
       Distracted        |       |       |     1 |       ||     1
Armor: Leather armour    |    56 |       |       |       ||    56
       Chain mail        |     9 |    78 |   251 |    14 ||   352
Dodge: Dodged            |    77 |    49 |   126 |    15 ||   267

Table legend: (Time is in decaauts)
 A = Elapsed time spent in this place.
 B = Non-inter-level travel time spent in this place.
 C = Inter-level travel time spent in this place.
 D = Time resting spent in this place.
 E = Time spent auto-exploring this place.
 F = Levels seen in this place.
 G = Mean time per level.
                   A        B        C        D        E       F      G
               +--------+--------+--------+--------+--------+-----+--------+
         Total |   9448 |   8706 |    742 |   1476 |   5542 |  10 |  944.8 |
       Dungeon |   9448 |   8706 |    742 |   1476 |   5542 |   9 | 1049.8 |
         Abyss |      0 |      0 |      0 |      0 |      0 |   1 |    0.0 |
               +--------+--------+--------+--------+--------+-----+--------+

Top non-repeatable levels by time:
     D:1: 1305 daAuts
     D:8: 1268 daAuts
     D:7: 1202 daAuts
     D:4: 1191 daAuts
     D:2: 1053 daAuts
     D:6: 955 daAuts
     D:5: 893 daAuts
     D:9: 838 daAuts
     D:3: 741 daAuts
